 Seeded DCSS version 0.27.1-3-gb3d3a73c9e (webtiles) character file.

Game seed: 20211027 (custom seed)

84 jessy the Skirmisher (level 4, -1/22 (36) HPs)
             Began as a Demonspawn Monk on Oct 27, 2021.
             Slain by a water moccasin zombie (3 damage)
             ... on level 4 of the Dungeon on Oct 28, 2021.
             The game lasted 00:14:11 (4026 turns).

jessy the Skirmisher (Demonspawn Monk)              Turns: 4026, Time: 00:14:12

HP:   -1/22 (36)    AC:  8    Str: 13    XL:     4   Next: 23%
MP:   4/4           EV: 11    Int: 11    God:
Gold: 127           SH:  0    Dex: 15    Spells: 3/3 levels left

rFire    . . .     SeeInvis .   o - +0 morningstar
rCold    . . .     Faith    .   (no shield)
rNeg     . . .     Spirit   .   j - +0 ring mail
rPois    .         Reflect  .   (no helmet)
rElec    .         Harm     .   (no cloak)
rCorr    .         Rampage  .   p - +0 pair of gloves
Will     +....                  (no boots)
Stlth    +.........             (no amulet)
HPRegen  0.07/turn              m - ring of willpower
MPRegen  0.09/turn              (no ring)

@: flying, very heavily drained
A: talons 1, molten scales 1
a: no special abilities


You were on level 4 of the Dungeon.
You visited 1 branch of the dungeon, and saw 4 of its levels.

You collected 127 gold pieces.

Inventory:

Hand Weapons
 a - a +0 hand axe
 g - a +0 hunting sling
 k - a +0 trident
 o - a +0 morningstar (weapon)
Armour
 b - a +0 robe
 j - a +0 ring mail (worn)
 p - a +0 pair of gloves (worn)
Magical Staves
 f - a staff of fire
Jewellery
 m - a ring of willpower (left hand)
Scrolls
 c - 2 scrolls of immolation {unknown}
 d - 2 scrolls of identify {unknown}
 l - a scroll of summoning {unknown}
 n - a scroll of fear {unknown}
 q - a scroll of silence {unknown}
 r - a scroll of amnesia {unknown}
Potions
 i - a potion of flight


   Skills:
 + Level 3.6 Fighting
 + Level 3.5 Axes
 + Level 0.2(2.1) Maces & Flails
 + Level 0.2(2.1) Polearms
 + Level 0.2 Armour
 + Level 3.2 Dodging
 + Level 2.1 Stealth


You had 3 spell levels left.
You didn't know any spells.
Your spell library contained the following spells:

 Spells                   Type           Power      Damage    Failure   Level
 Sandblast                Erth           0%         2d4       58%         1
 Blink                    Tloc           N/A        N/A       75%         2
 Passwall                 Tmut/Erth      0%         N/A       75%         2
 Lee's Rapid Deconstruct  Erth           0%         3d5*      100%        5
 Manifold Assault         Tloc           0%         N/A       100%        5
 Storm Form               Tmut/Air       0%         N/A       100%        7


Dungeon Overview and Level Annotations

Branches:
Dungeon (4/15)
 Temple: D:4-7

Altars:

Shops:
D:1 (

Annotations:
D:4 Ijyb


Innate Abilities, Weirdness & Mutations

You have sharp toenails.
You are partially covered in molten scales. (AC +2)


Message History

The necrophage hits you but does no damage.
The water moccasin zombie barely misses you.
Ijyb zaps a wand.
You resist with almost no effort.
You hit Ijyb.
Ijyb is lightly wounded.
The water moccasin zombie closely misses you.
The necrophage hits you.
You feel drained. Ijyb hits you with a +0 club.
The water moccasin zombie bites you but does no damage.
The necrophage barely misses you.
You hit Ijyb but do no damage. Your kick misses Ijyb.
Ijyb is lightly wounded.
Ijyb hits you but does no damage.
The water moccasin zombie bites you but does no damage.
The necrophage hits you. Ijyb closely misses you.
The water moccasin zombie bites you but does no damage.
You closely miss Ijyb.
Ijyb is lightly wounded.
The necrophage barely misses you. Ijyb closely misses you.
The water moccasin zombie closely misses you.
You barely miss Ijyb. You claw Ijyb, but do no damage.
Ijyb is lightly wounded.
The water moccasin zombie bites you but does no damage.
The necrophage barely misses you. Ijyb hits you but does no damage.
The water moccasin zombie closely misses you.
The necrophage closely misses you. Ijyb hits you with a +0 club.
* * * LOW HITPOINT WARNING * * *
You feel less attractive to monsters.
It was a potion of flight.
You feel very buoyant.
You fly up into the air.
The water moccasin zombie barely misses you.
The necrophage hits you.
* * * LOW HITPOINT WARNING * * *
You feel drained. Ijyb hits you with a +0 club.
* * * LOW HITPOINT WARNING * * *
You hit the water moccasin zombie but do no damage.
Your kick misses the water moccasin zombie.
The water moccasin zombie is severely damaged.
The water moccasin zombie bites you.
You die...

$....##. ###...
.....#.. ...<.
.....#.. .... .
#...#.## .$.#
#........##
...#
#(..##....##..#
#.......#.#
#......ng#
#.......Z@#
#.##....####
.......#
.!#......
...........
......##...
.##.. .....


You could see a necrophage, Ijyb and a water moccasin zombie.

Vanquished Creatures
  An adder (D:3)
  3 worms
  3 dart slugs
  An orc (D:3)
  5 ball pythons
  2 endoplasms
  4 giant cockroaches
  6 hobgoblins
  2 quokkas (D:4)
  3 bats
  2 frilled lizards
  11 goblins
  8 kobolds
  4 rats
55 creatures vanquished.

Vanquished Creatures (others)
  3 fungi (D:1)
  4 plants (D:1)
7 creatures vanquished.

Grand Total: 62 creatures vanquished

Notes
Turn   | Place    | Note
-------+----------+-------------------------------------------
     0 | D:1      | jessy the Demonspawn Monk began the quest for the Orb.
     0 | D:1      | Reached XP level 1. HP: 18/18 MP: 1/1
    11 | D:1      | Found Septann's Antique Weapon Shoppe.
   435 | D:1      | Gained mutation: You have sharp toenails. [demonic
                  | ancestry]
   435 | D:1      | Reached XP level 2. HP: 15/24 MP: 2/2
  1884 | D:2      | Reached XP level 3. HP: 28/29 MP: 3/3
  3013 | D:3      | Gained mutation: You are partially covered in molten
                  | scales. (AC +2) [demonic ancestry]
  3013 | D:3      | Reached XP level 4. HP: 31/36 MP: 4/4
  3978 | D:4      | Noticed a necrophage
  3980 | D:4      | Noticed Ijyb
  4026 | D:4      | Slain by a water moccasin zombie

Illustrated notes

Levels and vault maps discovered:
D:1:      amcnicky_arrival_gap_in_the_tavern_cellar, layout_basic,
          shapermc_ecumenical_altar_mp_ritualfount, serial_shops, shop
D:2:      layout_basic
D:3:      layout_basic, minmay_quadrilaterals
D:4:      layout_cave_pools, amcnicky_altar_gilded,
          lightli_ossuary_entry_decrepit_ruins, hellmonk_ghost_happy_afterlife,
          serial_shops, nicolae_shop_behind_doors, uniq_eustachio, uniq_ijyb,
          uniq_crazy_yiuf_cottage

Skill      XL: |  1  2 |
---------------+-------+-----
Axes           | 3 |  3.5
Dodging        | 3 |  3.2
Stealth        | 2 |  2.1
Fighting       | |  3.6
Maces & Flails | |  0.2
Polearms       | |  0.2
Armour         | |  0.2

Action                   |  1- 3 |  4- 6 || total
-------------------------+-------+-------++-------
Melee: Hand axe          |    92 |       ||    92
       Kick              |    27 |     8 ||    35
       Trident           |    19 |       ||    19
       Morningstar       |    17 |    43 ||    60
  Use: Potion            |       |     4 ||     4
 Stab: Sleeping          |     1 |     1 ||     2
Armor: Robe              |    13 |       ||    13
       Ring mail         |    13 |    55 ||    68
Dodge: Dodged            |    96 |    96 ||   192
